 Dungeon Crawl Stone Soup version 0.26-a0-61-g6c07f0ee8d (webtiles) character file.

Game seed: 10340260167324671365

23 Anathary the Skirmisher (level 2, -1/24 HPs)
             Began as a Demonspawn Berserker on June 9, 2020.
             Was a Believer of Trog.
             Slain by Natasha (2 damage)
             ... on level 2 of the Dungeon.
             The game lasted 00:03:51 (1160 turns).

Anathary the Skirmisher (Demonspawn Berserker)      Turns: 1160, Time: 00:03:51

Health: -1/24      AC:  6    Str: 17    XL:     2   Next: 72%
Magic:  2/2        EV: 10    Int:  8    God:    Trog [**....]
Gold:   15         SH:  0    Dex: 12    Spells: 1/1 levels left

rFire    . . .     SeeInvis .   a - +0 falchion
rCold    . . .     Gourm    .   (no shield)
rNeg     . . .     Faith    .   i - +0 scale mail
rPois    .         Spirit   .   (no helmet)
rElec    .         Reflect  .   (no cloak)
rCorr    .         Harm     .   (no gloves)
MR       .....                  (no boots)
Stlth    ..........             (no amulet)
HPRegen  0.08/turn              (no ring)
MPRegen  0.08/turn              (no ring)

@: no status effects
A: powered by death 1
a: Berserk, Trog's Hand, Renounce Religion


You were on level 2 of the Dungeon.
You worshipped Trog.
Trog was pleased with you.
You were not hungry.

You visited 1 branch of the dungeon, and saw 2 of its levels.

You collected 15 gold pieces.

Inventory:

Hand Weapons
 a - a +0 falchion (weapon)
Armour
 i - a +0 scale mail (worn)
Jewellery
 j - an uncursed amulet of the acrobat {unknown}
Scrolls
 d - a scroll of remove curse {unknown}
 f - a scroll of enchant weapon {unknown}
 h - 3 scrolls of identify {unknown}
 k - a scroll of immolation {unknown}
Potions
 e - 2 potions of haste {unknown}
 g - a potion of might {unknown}
Comestibles
 c - 3 rations


   Skills:
 + Level 3.2 Fighting
 + Level 3.2 Long Blades
 + Level 1.8 Armour
 + Level 1.9 Dodging
 + Level 0.2 Stealth


You had one spell level left.
You didn't know any spells.
Your spell library was empty.

Dungeon Overview and Level Annotations

Branches:
Dungeon (2/15)

Altars:

Annotations:
D:2 Natasha


Innate Abilities, Weirdness & Mutations

You regenerate a little health from kills.


Message History

Natasha is lightly wounded.
Natasha mumbles some strange words.
You hit Natasha.
Natasha is heavily wounded.
Natasha barely misses you.
You barely miss Natasha.
Natasha is heavily wounded.
Natasha barely misses you.
You riposte.
You barely miss Natasha.
Natasha is heavily wounded.
The crimson imp shouts, "Crawl home, thou mammering ditch-delivered jarkman!"
Natasha barely misses you.
You riposte.
You completely miss Natasha.
Natasha is heavily wounded.
You hit Natasha.
Natasha is severely wounded.
The crimson imp blinks!
Natasha claws you.
* * * LOW HITPOINT WARNING * * *
You hit Natasha but do no damage.
Natasha is severely wounded.
The crimson imp blinks!
Natasha claws you.
You die...

#............
........#
#............
........#
#............
.......#
#............
......#
#............
#....#
#............
#....#
#........####
#..§h##
#.....####
#...@.###.....#
#.......'.....+
#..##.###.....#
#.. #.. #.....#
+. ##§####.###
#. .. #.# # #.#
#.# .# #.# ..


You could see Natasha.

Vanquished Creatures
  A worm (D:2)
  A dart slug (D:1)
  A leopard gecko (D:2)
  2 giant cockroaches (D:1)
  A goblin (D:2)
  2 hobgoblins (D:1)
  A ball python (D:1)
  4 bats (D:1)
  2 frilled lizards (D:1)
  2 kobolds (D:1)
  A rat (D:2)
18 creatures vanquished.

Notes
Turn   | Place    | Note
-------+----------+-------------------------------------------
     0 | D:1      | Anathary the Demonspawn Berserker began the quest for the
                  | Orb.
     0 | D:1      | Reached XP level 1. HP: 18/18 MP: 1/1
   348 | D:1      | Gained mutation: You regenerate a little health from kills.
                  | [demonic ancestry]
   348 | D:1      | Reached XP level 2. HP: 22/24 MP: 2/2
  1116 | D:2      | Reached ** piety under Trog
  1147 | D:2      | Noticed Natasha
  1157 | D:2      | Noticed a crimson imp
  1159 | D:2      | HP: 1/24 [Natasha (4)]
  1160 | D:2      | Slain by Natasha

Illustrated notes

Levels and vault maps discovered:
D:1:      dpeg_arrival_shelter, layout_loops_corners, minmay_worlds_worst_comb
D:2:      layout_basic, chequers_ecumenical_altar_simple_redux,
          minmay_door_square, lightli_corner_chamber, uniq_natasha

Skill      XL: |  1  2 |
---------------+-------+-----
Long Blades    | 3 |  3.2
Fighting       | |  3.2
Armour         | |  1.8
Dodging        | |  1.9
Stealth        | |  0.2

Action                   || total
-------------------------++-------
Melee: Falchion          ||    72
  Eat: Chunk             ||     1
Armor: Animal skin       ||    16
       Scale mail        ||     8
Dodge: Dodged            ||    48
       Rpst.: Falchion   ||    11

Table legend:
 A = Non-vault XP
 B = Vault XP
 C = Vault XP percentage of total XP
 D = Non-vault monster count
 E = Vault monster count
 F = Vault count percentage of total count
                 A         B        C        D         E       F
            +---------+---------+-------+---------+---------+-------
      Total |      29 |       4 |  12.1 |      16 |       2 |  11.1
            +---------+---------+-------+---------+---------+-------
        D:1 |      18 |       4 |  18.2 |      12 |       2 |  14.3
        D:2 |      11 |       0 |   0.0 |       4 |       0 |   0.0
            +---------+---------+-------+---------+---------+-------
